 Dungeon Crawl Stone Soup version 0.29-a0-506-ga2e7fffb44 (webtiles) character file.

Game seed: 7921547224676010225

294 croobank the Sneak (level 6, 0/39 HPs)
             Began as an Octopode Hedge Wizard on May 29, 2022.
             Killed from afar by a white imp (12 damage)
             ... with a puff of frost
             ... on level 4 of the Dungeon.
             The game lasted 00:07:11 (2169 turns).

croobank the Sneak (Octopode Hedge Wizard)          Turns: 2169, Time: 00:07:12

Health: 0/39       AC:  2    Str:  9    XL:     6   Next: 34%
Magic:  11/11      EV: 13    Int: 19    God:
Gold:   69         SH:  0    Dex: 11    Spells: 7/12 levels left

rFire   . . .      SeeInvis .   a - +1 dagger (vamp)
rCold   . . .      Faith    .   (no shield)
rNeg    . . .      Spirit   .   b - +1 hat
rPois   .          Reflect  .   (no amulet)
rElec   .          Harm     .   (no ring)
rCorr   .          Rampage  .   (no ring)
Will    .....                   (no ring)
Stlth   +++.......              (no ring)
HPRegen 0.13/turn               (no ring)
MPRegen 0.12/turn               (no ring)
                                (no ring)
                                (no ring)

@: no status effects
A: almost no armour, amphibious, 8 rings, camouflage 1, gelatinous body 1,
(nimble swimmer 1), tentacles
a: no special abilities


You were on level 4 of the Dungeon.
You visited 1 branch of the dungeon, and saw 4 of its levels.

You collected 69 gold pieces.

Inventory:

Hand Weapons
 a - a +1 vampiric dagger (weapon)
 g - a +0 hand axe of flaming
 m - a +0 trident
Armour
 b - a +1 hat (worn)
Jewellery
 j - a ring of see invisible
Scrolls
 d - 4 scrolls of identify
 f - 3 scrolls of teleportation
Potions
 c - a potion of magic
 h - 3 potions of might
 i - a potion of lignification {unknown}
 k - 3 potions of attraction {unknown}
 l - 3 potions of flight {unknown}


   Skills:
 + Level 1.7 Fighting
 + Level 3.0 Dodging
 + Level 4.1 Stealth
 + Level 3.7 Spellcasting
 + Level 2.4 Conjurations
 + Level 2.3 Summonings
 + Level 2.3 Translocations


You had 7 spell levels left.
You knew the following spells:

 Your Spells              Type           Power      Damage    Failure   Level
a - Magic Dart            Conj           48%        1d5       5%          1
b - Slow                  Hex            12%        N/A       14%         1
c - Mephitic Cloud        Conj/Pois/Air  6%         N/A       30%         3

Your spell library contained the following spells:

 Spells                   Type           Power      Damage    Failure   Level
 Blink                    Tloc           24%        N/A       9%          2
 Call Imp                 Summ           12%        N/A       9%          2
 Conjure Flame            Conj/Fire      8%         6-21      26%         3


Dungeon Overview and Level Annotations

Branches:
Dungeon (4/15)
 Temple: D:4-7

Altars:


Innate Abilities, Weirdness & Mutations

You cannot wear most types of armour.
You are amphibious.
You can wear up to eight rings at the same time.
Your skin changes colour to match your surroundings (Stealth+).
Your rubbery body absorbs attacks. (AC +1, EV +1)
((You are camouflaged when in or above water. (Stealth+)))
You have tentacles for arms and can constrict up to eight enemies at once.


Message History

You feel a little less mighty now.
You hear the slow rusting of a very distant drain.
You hear the slow rusting of a very distant drain.
You hear the slow rusting of a very distant drain.
You hear the rusting of a very distant drain.
HP restored.
Found a stone staircase leading down.
A white imp and a giant cockroach come into view.
Found a scroll of brand weapon.
An iguana comes into view.
The helpless giant cockroach fails to defend itself.
You hit the giant cockroach.
You kill the giant cockroach!
You see here 18 gold pieces.
The helpless iguana fails to defend itself.
You puncture the iguana! Your grab misses the iguana. You squeeze the iguana.
The iguana is severely wounded.
The iguana misses you.
You barely miss the iguana. Your grab misses the iguana.
The iguana is severely wounded.
The iguana bites you but does no damage.
You hit the iguana but do no damage. You grab the iguana.
The iguana is severely wounded.
You constrict the iguana. The white imp gestures at you.
The puff of frost hits you! The iguana bites you!
You hit the iguana but do no damage.
The iguana is almost dead.
You constrict the iguana.
You kill the iguana!
Your Dodging skill increases to level 3!
The white imp gestures at you. The puff of frost hits you!
You are too injured to fight recklessly!
You are too injured to fight recklessly!
You are too injured to fight recklessly!
You are too injured to fight recklessly!
The white imp gestures at you. The puff of frost hits you!
You die...

########
##.....<#
........# #
##.####.# .#
#.##.#
#.####$...##..#
#......@5.....#
#........>..?..#
#.##....<.......
....#.##.###..#
#....... ... ..
#....... .##. .
+....... .# #
#.........#


You could see a white imp.

Vanquished Creatures
  Sigmund (D:2)
  A scorpion (D:4)
  An iguana (D:4)
  A gnoll (D:3)
  An adder (D:3)
  3 ball pythons (D:1)
  4 endoplasms
  2 giant cockroaches
  4 hobgoblins (D:1)
  4 jackals (D:1)
  3 quokkas
  4 frilled lizards
  4 goblins
  A kobold (D:3)
  3 rats
37 creatures vanquished.

Notes
Turn   | Place    | Note
-------+----------+-------------------------------------------
     0 | D:1      | croobank the Octopode Hedge Wizard began the quest for the
                  | Orb.
     0 | D:1      | Reached XP level 1. HP: 11/11 MP: 4/4
   306 | D:1      | Reached XP level 2. HP: 17/17 MP: 4/6
   321 | D:1      | Reached skill level 3 in Stealth
   990 | D:2      | Reached XP level 3. HP: 21/21 MP: 7/7
  1201 | D:2      | Noticed Sigmund
  1205 | D:2      | Learned a level 1 spell: Slow
  1209 | D:2      | Learned a level 3 spell: Mephitic Cloud
  1215 | D:2      | Killed Sigmund
  1216 | D:2      | Reached skill level 1 in Fighting
  1216 | D:2      | Reached XP level 4. HP: 28/28 MP: 6/9
  1216 | D:2      | Reached XP level 5. HP: 33/33 MP: 6/10
  1329 | D:2      | Found a faded altar of an unknown god.
  1881 | D:4      | Reached skill level 4 in Stealth
  1881 | D:4      | Reached XP level 6. HP: 3/39 MP: 6/11
  2169 | D:4      | Killed from afar by a white imp

Illustrated notes

Levels and vault maps discovered:
D:1:      ncdulo_halloftheorcs, layout_basic, serial_aquarium,
          aquarium_bridge_island_small [aquarium_subvault_small_water,
          aquarium_subvault_bridge, aquarium_subvault_bridge,
          aquarium_subvault_bridge, aquarium_subvault_balcony],
          aquarium_bridge_long_separate [aquarium_subvault_wall,
          aquarium_subvault_bridge, aquarium_subvault_balcony,
          aquarium_subvault_window, aquarium_subvault_bridge,
          aquarium_subvault_bridge], aquarium_window_1, aquarium_window_3,
          aquarium_view_2c, aquarium_pool_five
D:2:      layout_loops_ring, ebering_ecumenical_altar_mist, uniq_sigmund
D:3:      wad_river_or_something, layout_basic, minmay_unequal
D:4:      layout_basic, minmay_temple_entry_proselytizer,
          gup_sewer_entry_bubbles, uniq_pikel

Skill      XL: |  1  2  3  4  5  6 |
---------------+-------------------+-----
Stealth        | 3 4 |  4.1
Fighting       | 1 |  1.7
Conjurations   | 2 |  2.4
Summonings     | 2 |  2.3
Translocations | 2 |  2.3
Dodging        | 3 |  3.0
Spellcasting   | |  3.7

Action                   |  1- 3 |  4- 6 || total
-------------------------+-------+-------++-------
Melee: Dagger            |    49 |    25 ||    74
       Constrict         |     8 |     6 ||    14
       Tentacles         |     8 |     4 ||    12
 Cast: Magic Dart        |    15 |     3 ||    18
       Slow              |       |     5 ||     5
  Use: Scroll            |     8 |     2 ||    10
       Potion            |     1 |     2 ||     3
 Stab: Sleeping          |     3 |     7 ||    10
Armor: Skin              |     3 |     2 ||     5
Dodge: Dodged            |    35 |    12 ||    47

Table legend: (Time is in decaauts)
 A = Elapsed time spent in this place.
 B = Non-inter-level travel time spent in this place.
 C = Inter-level travel time spent in this place.
 D = Time resting spent in this place.
 E = Time spent auto-exploring this place.
 F = Levels seen in this place.
 G = Mean time per level.
                   A        B        C        D        E       F      G
               +--------+--------+--------+--------+--------+-----+--------+
         Total |   2167 |   2142 |     25 |     93 |   1629 |   4 |  541.8 |
       Dungeon |   2167 |   2142 |     25 |     93 |   1629 |   4 |  541.8 |
               +--------+--------+--------+--------+--------+-----+--------+

Top non-repeatable levels by time:
     D:1: 972 daAuts
     D:2: 613 daAuts
     D:4: 328 daAuts
     D:3: 252 daAuts
